 Dungeon Crawl Stone Soup version 0.30.1-4-g462c640d31 (webtiles) character file.

Game seed: 10524468165520644752

89 Bobit the Blocker (level 4, -16/32 HPs)
             Began as a Gnoll Wanderer on Aug 11, 2023.
             Was an Initiate of Ashenzari.
             Engulfed by a cloud of flame (20 damage)
             ... on level 4 of the Dungeon.
             The game lasted 00:10:08 (2521 turns).

Bobit the Blocker (Gnoll Wanderer)                  Turns: 2521, Time: 00:10:08

Health: -16/32     AC: 10    Str:  8    XL:     4   Next: 55%
Magic:  8/8        EV:  7    Int: 16    God:    Ashenzari [......]
Gold:   125        SH:  6    Dex: 12    Spells: 8/9 levels left

rFire   . . .        a - +0 falchion
rCold   . . .        b - +0 buckler
rNeg    + . .        v - +4 scale mail {rN+}
rPois   +            (no helmet)
rElec   .            (no cloak)
rCorr   .            (no gloves)
SInv    .            (no boots)
Will    .....        g - amulet of faith Stlth
                     r - ring of poison resistance
HPRegen 0.25/turn    (no ring)
MPRegen 0.11/turn

%: faith
@: brilliant, slowed, very slow
A: fangs 1, strong nose, distributed training
a: Renounce Religion


You were on level 4 of the Dungeon.
You worshipped Ashenzari.
Ashenzari was noncommittal.
You visited 1 branch of the dungeon, and saw 4 of its levels.

You collected 125 gold pieces.

Inventory:

Hand Weapons
 a - a +0 falchion (weapon)
Armour
 b - a +0 buckler (worn)
 d - a +0 robe
 v - a +4 scale mail of positive energy (worn)
Jewellery
 g - an amulet of faith (around neck)
 o - an amulet of the acrobat
 r - a ring of poison resistance (left hand)
Scrolls
 e - a scroll of acquirement {unknown}
 l - 3 scrolls of vulnerability
 p - a scroll of enchant armour
 q - 2 scrolls of blinking {unknown}
 s - a scroll of teleportation {unknown}
 t - a scroll of noise {unknown}
 w - a scroll of poison {unknown}
 y - a scroll of immolation
 z - a scroll of fog {unknown}
Potions
 f - 2 potions of lignification {unknown}
 h - a potion of curing
 i - a potion of brilliance
 j - 2 potions of flight
 k - a potion of resistance {unknown}
 m - a potion of might {unknown}
 u - a potion of mutation {unknown}
 x - a potion of invisibility {unknown}


   Skills:
 + Level 1.2 Fighting
 + Level 1.2 Short Blades
 + Level 2.8 Long Blades
 + Level 1.2 Axes
 + Level 1.2 Maces & Flails
 + Level 1.2 Polearms
 + Level 1.2 Staves
 + Level 1.2 Ranged Weapons
 + Level 1.2 Throwing
 + Level 1.2 Armour
 + Level 2.8 Dodging
 + Level 1.2 Stealth
 + Level 8.6 Shields
 + Level 1.2 Unarmed Combat
 + Level 3.0 Spellcasting
 + Level 1.0 Conjurations
 + Level 1.0 Hexes
 + Level 1.0 Summonings
 + Level 1.0 Necromancy
 + Level 1.0 Translocations
 + Level 1.0 Transmutations
 + Level 1.0 Fire Magic
 + Level 1.0 Ice Magic
 + Level 3.9 Air Magic
 + Level 1.0 Earth Magic
 + Level 1.0 Poison Magic
 + Level 1.3 Invocations
 + Level 2.8 Evocations


You had 8 spell levels left.
You knew the following spells:

 Your Spells              Type           Power      Damage    Failure   Level
a - Shock                 Conj/Air       60%        1d6       67%         1

Your spell library contained the following spells:

 Spells                   Type           Power      Damage    Failure   Level
 Swiftness                Air            22%        N/A       83%         3
 Vhi's Electric Charge    Tloc/Air       30%        N/A       95%         3


Dungeon Overview and Level Annotations

Branches:
Dungeon (4/15)
 Temple: D:4-7

Altars:
Ashenzari
Kikubaaqudgha

Annotations:
D:4 Natasha


Innate Abilities, Weirdness & Mutations

You have very sharp teeth.
Your uncanny sense of smell can sniff out nearby items.
Your experience applies equally to all skills.


Message History

You feel clever all of a sudden. Natasha barely misses you.
Dowan casts a spell at you. You resist with some effort.
Duvessa hits you with a +0 short sword.
* * * LOW HITPOINT WARNING * * *
Really read the scroll of vulnerability?
Okay, then.
You feel much better.
Natasha casts a spell.
Dowan barely misses you. Duvessa hits you with a +0 short sword!
You feel better.
Natasha mumbles some strange words.
Dowan hits you but does no damage. Duvessa closely misses you.
The cerulean imp barely misses you.
You hit Duvessa.
Flame seeps out of Duvessa.
Duvessa is moderately wounded.
Natasha barely misses you.
Duvessa is engulfed in blazing flames.
Flame seeps out of Duvessa.
You block Duvessa's attack. Dowan hits you but does no damage.
The cerulean imp barely misses you.
You hit Duvessa.
Flame seeps out of Duvessa.
Duvessa is heavily wounded.
The cerulean imp hits you but does no damage.
Natasha growls.
Natasha stares at you and mumbles some strange words.
You feel yourself slow down. You block Dowan's attack.
Duvessa is engulfed in blazing flames.
Flame seeps out of Duvessa.
Duvessa barely misses you.
The cerulean imp hits you from afar with a +1 spear.
You hit Duvessa.
Dowan screams, "No!
Oh no!"
Dowan seems to find hidden reserves of power!
Duvessa explodes!
The fiery explosion engulfs Dowan!!!
The fiery explosion engulfs you!!
Ouch! That really hurt!
Dowan explodes!
The fiery explosion engulfs you!
* * * LOW HITPOINT WARNING * * *
You are engulfed in blazing flames.
Ouch! That really hurt!
You die...

#..P# #.P.#
#...###########
#..............
####.##.##.###
#....##.#####.#
####...55......
####h#####.#
#@# #°§§....#
#########


You could see Natasha (inner flame) and 2 cerulean imps.

Vanquished Creatures
  Duvessa (D:4)
  Dowan (D:4)
  2 adders
  2 dart slugs (D:1)
  3 orcs (D:3)
  5 ball pythons
  5 endoplasms
  3 giant cockroaches (D:1)
  6 goblins
  5 hobgoblins
  6 jackals
  2 quokkas
  A bat (D:3)
  2 frilled lizards
  10 kobolds
  6 rats
60 creatures vanquished.

Notes
Turn   | Place    | Note
-------+----------+-------------------------------------------
     0 | D:1      | Bobit the Gnoll Wanderer began the quest for the Orb.
     0 | D:1      | Bobit set off with the following items: a +0 falchion, a +0
                  | buckler, a potion of heal wounds, a +0 robe; and the
                  | following spell memorised: Shock; and the following spells
                  | available to memorise: Swiftness, Vhi's Electric Charge.
     0 | D:1      | Reached XP level 1. HP: 13/13 MP: 4/4
   144 | D:1      | Reached XP level 2. HP: 18/20 MP: 5/5
   428 | D:1      | Reached XP level 3. HP: 25/25 MP: 7/7
  1015 | D:2      | Reached skill level 1 in Invocations
  1183 | D:2      | Reached skill level 1 in Fighting
  1183 | D:2      | Reached skill level 1 in Short Blades
  1183 | D:2      | Reached skill level 1 in Axes
  1183 | D:2      | Reached skill level 1 in Maces & Flails
  1183 | D:2      | Reached skill level 1 in Polearms
  1183 | D:2      | Reached skill level 1 in Staves
  1183 | D:2      | Reached skill level 1 in Ranged Weapons
  1183 | D:2      | Reached skill level 1 in Throwing
  1183 | D:2      | Reached skill level 1 in Armour
  1183 | D:2      | Reached skill level 1 in Stealth
  1183 | D:2      | Reached skill level 1 in Unarmed Combat
  1839 | D:3      | Reached XP level 4. HP: 32/32 MP: 8/8
  1973 | D:3      | Found an ancient bone altar of Kikubaaqudgha.
  1992 | D:3      | Became a worshipper of Kikubaaqudgha
  2091 | D:3      | Found a broken altar of Ashenzari.
  2105 | D:3      | Fell from the grace of Kikubaaqudgha
  2105 | D:3      | Became a worshipper of Ashenzari the Shackled
  2382 | D:3      | Reached skill level 1 in Conjurations
  2382 | D:3      | Reached skill level 1 in Hexes
  2382 | D:3      | Reached skill level 1 in Summonings
  2382 | D:3      | Reached skill level 1 in Necromancy
  2382 | D:3      | Reached skill level 1 in Translocations
  2382 | D:3      | Reached skill level 1 in Transmutations
  2382 | D:3      | Reached skill level 1 in Fire Magic
  2382 | D:3      | Reached skill level 1 in Ice Magic
  2382 | D:3      | Reached skill level 1 in Earth Magic
  2382 | D:3      | Reached skill level 1 in Poison Magic
  2503 | D:4      | Noticed Duvessa
  2503 | D:4      | Noticed Dowan
  2508 | D:4      | Noticed Natasha
  2521 | D:4      | Killed Duvessa
  2521 | D:4      | Killed Dowan
  2521 | D:4      | Engulfed by a cloud of flame

Illustrated notes

Levels and vault maps discovered:
D:1:      spicycebolla_arrival_risky_transporter, layout_basic
D:2:      layout_loops_ring, minmay_tromino_i4
D:3:      layout_basic, kiku_gazebo_pond_becter, evilmike_ruin_ashenzari,
          minmay_mini_jars
D:4:      gammafunk_steamed_eel, layout_loops_cross, elyvilon_altar_4,
          nzn_hepliaklqana_mist_gate, xom_teletrap_fun,
          sigmund_edmund_badplayer, uniq_natasha, uniq_duvessa, uniq_edmund

Skill      XL: |  1  2  3  4 |
---------------+-------------+-----
Invocations    | 1 |  1.3
Fighting       | 1 |  1.2
Short Blades   | 1 |  1.2
Axes           | 1 |  1.2
Maces & Flails | 1 |  1.2
Polearms       | 1 |  1.2
Staves         | 1 |  1.2
Ranged Weapons | 1 |  1.2
Throwing       | 1 |  1.2
Armour         | 1 |  1.2
Stealth        | 1 |  1.2
Unarmed Combat | 1 |  1.2
Spellcasting   | 3 |  3.0
Conjurations   | 1 |  1.0
Hexes          | 1 |  1.0
Summonings     | 1 |  1.0
Necromancy     | 1 |  1.0
Translocations | 1 |  1.0
Transmutations | 1 |  1.0
Fire Magic     | 1 |  1.0
Ice Magic      | 1 |  1.0
Earth Magic    | 1 |  1.0
Poison Magic   | 1 |  1.0
Long Blades    | |  2.8
Dodging        | |  2.8
Shields        | |  8.6
Air Magic      | |  3.9
Evocations     | |  2.8

Action                     |  1- 3 |  4- 6 || total
---------------------------+-------+-------++-------
  Melee: Falchion          |   138 |    90 ||   228
         Bite              |     8 |     2 ||    10
   Cast: Shock             |     6 |       ||     6
    Use: Scroll            |       |     6 ||     6
         Potion            |       |     3 ||     3
   Stab: Sleeping          |     3 |       ||     3
 Armour: Robe              |    12 |       ||    12
         Scale mail        |    22 |    52 ||    74
  Dodge: Dodged            |    82 |    50 ||   132
  Block: Buckler           |    47 |    31 ||    78
